 Dungeon Crawl Stone Soup version 0.31-a0-667-g39726597b9 (webtiles) character file.

Game seed: 1506527097514143605

2006 demibob the Carver (level 9, 0/64 (70) HPs)
             Began as a Minotaur Fighter on Sept 4, 2023.
             Slain by a wight
             ... wielding a +0 halberd
              (14 damage)
             ... on level 6 of the Dungeon.
             The game lasted 00:04:50 (4671 turns).

demibob the Carver (Minotaur Fighter)               Turns: 4671, Time: 00:04:51

HP:   0/64 (70)     AC: 11    Str: 21    XL:     9   Next: 2%
MP:   8/8           EV:  9    Int:  5    God:
Gold: 203           SH:  6    Dex: 14    Spells: 8/8 levels left

rFire   . . .        a - +1 long sword (protect)
rCold   . . .        c - +0 buckler
rNeg    . . .        b - +0 scale mail
rPois   .            (helmet restricted)
rElec   .            (no cloak)
rCorr   .            n - +2 pair of gloves
SInv    .            q - +0 pair of boots
Will    .....        o - amulet of the acrobat Stlth
                     (no ring)
HPRegen 0.30/turn    (no ring)
MPRegen 0.11/turn

%: acrobat
@: mighty, drained
A: horns 2, retaliatory headbutt
a: no special abilities


You were on level 6 of the Dungeon.
You visited 1 branch of the dungeon, and saw 6 of its levels.

You collected 203 gold pieces.


Innate Abilities, Weirdness & Mutations

You have a pair of horns on your head.
You reflexively headbutt those who attack you in melee.


   Skills:
 - Level 3.6 Fighting
 * Level 11.6 Long Blades
 - Level 3.6 Armour
 + Level 9.0 Shields


You had 8 spell levels left.
You didn't know any spells.
Your spell library contained the following spells:

 Spells                   Type           Power      Damage    Failure   Level
 Slow                     Hex            0%         N/A       86%         1
 Confusing Touch          Hex            0%         N/A       99%         3
 Inner Flame              Hex/Fire       0%         N/A       99%         3
 Vampiric Draining        Necr           0%         2d6       99%         3
 Flame Wave               Conj/Fire      0%         2d4       100%        4
 Sticky Flame             Conj/Fire      0%         2d3       100%        4

Inventory:

Hand Weapons
 a - a +1 long sword of protection (weapon)
Armour
 b - a +0 scale mail (worn)
 c - a +0 buckler (worn)
 n - a +2 pair of gloves (worn)
 q - a +0 pair of boots (worn)
Jewellery
 j - the amulet "Yfishar" {Faith Int+4}
   (You acquired it on level 2 of the Dungeon)

   [amulet of faith]

   Faith:     It allows you to gain divine favour quickly.
   Int+4:     It affects your intelligence (+4).
 o - an amulet of the acrobat (around neck)
 Z - a ring of wizardry
Wands
 f - a wand of flame (15)
 i - a wand of digging (9)
 t - a wand of polymorph (3)
 y - a wand of charming (6)
Scrolls
 k - 3 scrolls of poison
 r - a scroll of enchant weapon
 u - 2 scrolls of revelation
 x - 4 scrolls of identify {@r1}
 B - 2 scrolls of teleportation {@r2}
 D - a scroll of fog
Potions
 d - 3 potions of might
 e - a potion of invisibility {unknown}
 g - 2 potions of mutation
 h - a potion of curing {unknown}
 l - a potion of haste {unknown}
 p - a potion of magic
 C - 2 potions of enlightenment {unknown}

Dungeon Overview and Level Annotations

Branches:
Dungeon (6/15)
 Temple: D:4-7

Altars:
Okawaru
Zin

Annotations:
D:5 1 runed translucent door, Crazy Yiuf

##.......# #$.......#
## #.<....#####...
#....$.........
#......?.......
##............. #
###)(....>...... #.
#zz)....>...?...
#..##
#@#.............
#...##)#.............
#....##............
##.).###...........
.......#)#
#####...##..
.......#...# .###
....##.###...# .#
.... #. ..## ... ..
...


You could see 2 wights.


Message History

The wight is almost destroyed.
You block the wight's attack.
You barely miss the wight.
The wight is almost destroyed.
The wight hits you but does no damage.
The wight hits you from afar with a +0 halberd.
* * * LOW HITPOINT WARNING * * *
You closely miss the wight. You headbutt the wight.
You destroy the wight!
You block the wight's attack.
Your Shields skill increases to level 9!
You have reached level 9!
Your experience leads to an increase in your attributes!
Increase (S)trength, (I)ntelligence, or (D)exterity?
You feel agile. x2
Items here: )) [[.
You barely miss the wight. The wight closely misses you.
The wight hits you with a +1 flail.
* * * LOW HITPOINT WARNING * * *
You feel drained.
You hit the wight but do no damage.
Your weapon exudes an aura of protection.
The wight completely misses you.
You closely miss the wight. The wight hits you but does no damage.
You completely miss the wight. The wight hits you with a +0 halberd.
* * * LOW HITPOINT WARNING * * *
You feel drained. The wight closely misses you. You furiously retaliate!
You headbutt the wight! You barely miss the wight.
The wight hits you with a +0 halberd!
You die...

Skill      XL: |  1  2  3  4  5  6  7  8 |
---------------+-------------------------+-----
Long Blades    | 3 4 6 7 9 11 | 11.6
Shields        | 4 5 6 7 9 |  9.0
Fighting       | |  3.6
Armour         | |  3.6

Action                     |  1- 3 |  4- 6 |  7- 9 || total
---------------------------+-------+-------+-------++-------
  Melee: Long sword        |    93 |    87 |   136 ||   316
         Headbutt          |    13 |    19 |    29 ||    61
    Use: Scroll            |     7 |     3 |     5 ||    15
         Potion            |       |       |     1 ||     1
 Armour: Scale mail        |    54 |    49 |    85 ||   188
  Dodge: Dodged            |    39 |    46 |    51 ||   136
  Block: Buckler           |    28 |    12 |    30 ||    70

Levels and vault maps discovered:
D:1:      minmay_arrival_checkered_box, layout_basic, serial_corexii_hall,
          corexii_hall_statues_x, corexii_hall_statues_t,
          corexii_hall_statues_t, chequers_hall_statues_wall_a,
          minmay_stone_trees_medium, st_stairs_8, minmay_ruptured
D:2:      layout_loops_ring
D:3:      layout_loops_ring, uniq_ijyb, uniq_grinder
D:4:      layout_basic, mainiacjoe_overflow_catwalk_spiral,
          amcnicky_mini_corridor_feature, hex_tiny
D:5:      minmay_bubble_buster, layout_cave_pools, uniq_edmund,
          uniq_crazy_yiuf_cottage
D:6:      layout_rooms, minmay_temple_entry_wispy,
          hangedman_abyss_or_decor_stabs, corexii_leaking_fountain,
          uniq_sigmund, uniq_prince_ribbit1, uniq_pikel

Notes
Turn   | Place    | Note
-------+----------+-------------------------------------------
     0 | D:1      | demibob the Minotaur Fighter began the quest for the Orb.
     0 | D:1      | Reached XP level 1. HP: 19/19 MP: 0/0
    92 | D:1      | Reached skill level 3 in Long Blades
    98 | D:1      | Reached XP level 2. HP: 26/26 MP: 1/1
   159 | D:1      | Reached skill level 4 in Shields
   745 | D:1      | Reached XP level 3. HP: 31/31 MP: 2/2
  1154 | D:2      | Reached skill level 4 in Long Blades
  1643 | D:2      | Identified a scroll of acquirement
  1643 | D:2      | Acquired the amulet "Yfishar" {Faith Int+4}
  1779 | D:3      | Reached XP level 4. HP: 35/39 MP: 3/3
  1992 | D:3      | Noticed Ijyb
  2005 | D:3      | Killed Ijyb
  2270 | D:3      | Reached skill level 5 in Long Blades
  2369 | D:3      | Noticed Grinder
  2383 | D:3      | Killed Grinder
  2384 | D:3      | Reached skill level 6 in Long Blades
  2384 | D:3      | Reached skill level 5 in Shields
  2384 | D:3      | Reached XP level 5. HP: 18/45 MP: 4/4
  2384 | D:3      | Reached XP level 6. HP: 21/51 MP: 5/5
  2762 | D:4      | Identified the +0 dagger "Cigg" {distort, rElec rPois rF-
                  | rCorr}
  2778 | D:4      | Reached skill level 7 in Long Blades
  2837 | D:4      | Reached skill level 6 in Shields
  2936 | D:4      | Found a glowing silver altar of Zin.
  3034 | D:4      | Reached XP level 7. HP: 52/57 MP: 6/6
  3167 | D:4      | Found an iron altar of Okawaru.
  3465 | D:5      | Entered Level 5 of the Dungeon
  3576 | D:5      | Reached skill level 8 in Long Blades
  3622 | D:5      | Found a runed translucent door.
  3623 | D:5      | Noticed Crazy Yiuf
  3713 | D:5      | Reached skill level 7 in Shields
  3734 | D:5      | Reached skill level 9 in Long Blades
  3926 | D:5      | Noticed Edmund
  3942 | D:5      | Killed Edmund
  3943 | D:5      | Reached XP level 8. HP: 34/64 MP: 7/7
  4477 | D:6      | Noticed Pikel
  4484 | D:6      | Reached skill level 10 in Long Blades
  4490 | D:6      | Killed Pikel
  4491 | D:6      | Reached skill level 11 in Long Blades
  4491 | D:6      | Reached skill level 8 in Shields
  4666 | D:6      | Reached skill level 9 in Shields
  4666 | D:6      | Reached XP level 9. HP: 16/66 MP: 8/8
  4671 | D:6      | Slain by a wight

Vanquished Creatures
  Pikel (D:6)
  Grinder (D:3)
  Edmund (D:5)
  A black bear (D:5)
  A phantom (D:5)
  A kobold brigand (D:6)
  A scorpion (D:5)
  8 wights (D:6)
  3 hounds
  6 jellies
  2 orc priests
  A sleepcap (D:4)
  Ijyb (D:3)
  An iguana (D:5)
  3 adders
  3 gnolls (D:4)
  A worm (D:3)
  5 dart slugs
  7 orcs
  7 ball pythons
  3 endoplasms
  A giant cockroach (D:4)
  8 goblins
  12 hobgoblins
  10 kobolds
  5 quokkas
  6 bats
  2 frilled lizards (D:1)
  3 rats
105 creatures vanquished.

Table legend: (Time is in decaauts)
 A = Elapsed time spent in this place.
 B = Non-inter-level travel time spent in this place.
 C = Inter-level travel time spent in this place.
 D = Time resting spent in this place.
 E = Time spent auto-exploring this place.
 F = Levels seen in this place.
 G = Mean time per level.
                   A        B        C        D        E       F      G
               +--------+--------+--------+--------+--------+-----+--------+
         Total |   4697 |   4497 |    200 |    227 |   3586 |   6 |  782.8 |
       Dungeon |   4697 |   4497 |    200 |    227 |   3586 |   6 |  782.8 |
               +--------+--------+--------+--------+--------+-----+--------+

Top non-repeatable levels by time:
     D:1: 1025 daAuts
     D:5: 978 daAuts
     D:4: 896 daAuts
     D:3: 804 daAuts
     D:2: 773 daAuts
     D:6: 219 daAuts

Table legend:
 A = Non-vault XP
 B = Vault XP
 C = Vault XP percentage of total XP
 D = Non-vault monster count
 E = Vault monster count
 F = Vault count percentage of total count
                 A         B        C        D         E       F
            +---------+---------+-------+---------+---------+-------
      Total |    1521 |    1345 |  46.9 |      88 |      17 |  16.2
            +---------+---------+-------+---------+---------+-------
        D:1 |      35 |       9 |  20.5 |      19 |       7 |  26.9
        D:2 |      51 |       0 |   0.0 |      14 |       0 |   0.0
        D:3 |      24 |     308 |  92.8 |      11 |       2 |  15.4
        D:4 |     318 |       0 |   0.0 |      19 |       0 |   0.0
        D:5 |     350 |     411 |  54.0 |       9 |       7 |  43.8
        D:6 |     743 |     617 |  45.4 |      16 |       1 |   5.9
            +---------+---------+-------+---------+---------+-------
